Map: Zen LE

Players

soO - Winner!

  • Race: Zerg Zerg
  • Spawn Location: 7:00

INnoVation

  • Race: Terran Terran
  • League: Grandmaster
  • Spawn Location: 1:00

Event: Shopify TSL 5

VOD

Have the link to the VOD?

Description

Time

  • Played on: May 17, 2020, 11:18 a.m.
  • Length: 12:12

All games in this series

Show
View Real Time Build Order
Export as new Build Order

soO Zerg - Winner!

Build Orders: Hatch First, Muta Ling Bane 

Get SALT Encoding   

  12  0:00  Drone  
  13  0:12  Overlord  
  13  0:16  Drone  
  14  0:30  Drone x2  
  16  0:48  Hatchery  
  15  0:51  Drone  
  15  0:55  Drone  
  17  0:58  Drone  
  18  1:08  Extractor  
  17  1:13  Spawning Pool  
  17  1:16  Drone  
  17  1:20  Drone  
  18  1:28  Drone  
  19  1:38  Drone  
  20  1:48  Overlord  
  20  1:59  Queen x2  
  20  2:00  Zergling x4  
  26  2:11  Drone x2  
  26  2:14  Metabolic Boost  
  28  2:22  Drone x2  
  30  2:36  Hatchery  
  28  2:41  Queen  
  30  2:45  Drone  
  30  2:48  Overlord  
  31  2:51  Drone  
  31  2:53  Drone  
  31  2:56  Drone  
  34  3:01  Drone  
  34  3:05  Spore Crawler  
  34  3:06  Drone  
  34  3:08  Drone  
  37  3:13  Drone x2  
  37  3:14  Drone  
  37  3:17  Queen  
  42  3:22  Overlord  
  42  3:24  Drone  
  43  3:42  Drone  
  43  3:43  Drone x4  
  43  3:45  Drone  
  43  3:46  Drone  
  43  3:47  Drone  
  51  3:49  Drone x3  
  51  3:50  Overlord  
  51  3:53  Queen  
  56  3:57  Lair  
  56  4:02  Extractor  
  55  4:04  Queen  
  55  4:08  Overlord  
  55  4:09  Drone  
  58  4:11  Drone  
  58  4:13  Drone  
  58  4:15  Drone  
  61  4:17  Drone x2  
  61  4:21  Drone x2  
  65  4:25  Overlord  
  65  4:28  Drone x2, Baneling Nest  
  65  4:29  Drone  
  67  4:34  Drone x3  
  67  4:37  Drone x3  
  73  4:42  Extractor  
  73  4:44  Extractor  
  71  4:46  Drone  
  71  4:47  Drone  
  71  4:48  Drone x2  
  71  4:51  Extractor, Drone x3  
  71  4:52  Extractor  
  76  4:56  Zergling x4  
  72  5:02  Zergling x6  
  68  5:09  Drone x2  
  68  5:10  Drone  
  68  5:11  Drone  
  68  5:12  Drone  
  68  5:13  Drone x2  
  71  5:14  Drone  
  71  5:16  Drone  
  70  5:21  Overseer  
  70  5:24  Drone x2  
  70  5:27  Drone  
  70  5:28  Drone  
  73  5:29  Spire  
  73  5:35  Drone x2  
  74  5:39  Drone  
  74  5:40  Drone x3  
  74  5:42  Centrifical Hooks  
  78  5:46  Drone x2  
  78  5:49  Drone  
  81  5:50  Overlord  
  81  5:51  Drone  
  81  5:53  Overlord  
  82  5:57  Overlord  
  82  5:58  Overlord  
  82  6:06  Overlord  
  82  6:09  Drone  
  83  6:13  Drone  
  83  6:14  Drone  
  83  6:16  Evolution Chamber  
  83  6:17  Evolution Chamber  
  83  6:19  Zergling x2  
  83  6:20  Zergling x6  
  83  6:21  Drone  
  82  6:39  Drone x4  
  86  6:40  Drone x2  
  86  6:41  Mutalisk x2  
  86  6:42  Mutalisk x3  
  86  6:44  Zerg Ground Armor Level 1, Zerg Melee Weapons Level 1  
  97  6:50  Zerg Flyer Weapons Level 1, Zergling x2  
  97  6:51  Zergling x8  
  97  6:52  Baneling x5  
  102  6:58  Drone  
  102  7:00  Mutalisk x3  
  109  7:06  Zergling x10  
  114  7:13  Zergling x2  
  115  7:16  Zergling x8  
  108  7:39  Mutalisk x4  
  108  7:40  Overlord  
  114  7:46  Overlord  
  114  7:50  Overlord  
  114  7:51  Overlord  
  114  7:55  Hatchery  
  114  7:56  Mutalisk  
  114  7:57  Mutalisk  
  112  7:59  Mutalisk x4  
  112  8:03  Zergling x2  
  121  8:13  Zergling x24  
  133  8:22  Baneling x8  
  133  8:26  Drone x5  
  138  8:32  Baneling  
  138  8:33  Baneling x7  
  130  8:45  Zergling x18  
  134  8:52  Mutalisk  
  134  8:53  Mutalisk x3  
  134  8:54  Zergling x2  
  143  8:58  Zergling x4  
  142  9:03  Zergling x6  
  142  9:05  Baneling x6  
  142  9:06  Baneling x5  
  127  9:18  Baneling x7  
  111  9:29  Spawning Pool  
  91  9:52  Hatchery  
  85  9:58  Hatchery  
  81  10:17  Zergling x16  
  81  10:19  Queen  
  91  10:33  Zergling x4  
  93  10:40  Zergling x4  
  95  10:44  Zergling x4  
  97  10:52  Zergling x6  
  97  10:56  Lair  
  91  11:09  Zergling x4  
  91  11:10  Zergling x2  
  94  11:11  Zergling x2  
  94  11:16  Zergling x2  
  94  11:22  Baneling x6  
  94  11:26  Hatchery  
  94  11:27  Zergling x2  
  94  11:29  Hatchery  
  92  11:37  Zergling x8  
  96  11:44  Overlord  
  95  11:49  Overlord  
Show
View Real Time Build Order
Export as new Build Order

INnoVation Terran 

Build Orders: Reaper Expand, Banshee Rush 

Get SALT Encoding   

  12  0:00  SCV  
  13  0:12  SCV  
  14  0:17  Supply Depot  
  14  0:24  SCV  
  15  0:38  SCV  
  15  0:39  Barracks  
  16  0:43  Refinery  
  16  0:50  SCV  
  17  1:02  SCV  
  18  1:15  SCV  
  19  1:26  Reaper  
  19  1:27  Orbital Command  
  20  1:41  Command Center  
  20  1:50  Supply Depot  
  20  1:52  SCV  
  21  1:58  Marine  
  22  2:04  SCV  
  23  2:14  Factory, Refinery  
  23  2:16  Marine  
  23  2:20  SCV  
  25  2:32  SCV  
  25  2:35  Barracks Reactor  
  26  2:44  SCV  
  27  2:53  Orbital Command  
  27  2:56  SCV  
  28  2:59  Starport  
  28  3:08  SCV  
  29  3:13  Command Center  
  29  3:16  Hellion  
  31  3:21  Hellion  
  31  3:24  SCV  
  31  3:25  SCV  
  35  3:37  Starport Tech Lab, Supply Depot  
  35  3:40  SCV x2  
  37  3:42  Hellion  
  41  3:52  SCV x2  
  41  3:55  Banshee  
  44  3:57  Cloaking Field  
  44  4:04  Barracks Tech Lab  
  44  4:05  SCV x2  
  44  4:06  Hellion x2  
  50  4:17  SCV x2  
  50  4:23  Stimpack  
  52  4:25  Orbital Command  
  52  4:29  SCV x2  
  54  4:31  Barracks  
  54  4:37  Factory Reactor  
  54  4:38  Banshee  
  56  4:39  Barracks  
  56  4:41  SCV x2  
  56  4:43  Marine  
  59  4:50  Engineering Bay  
  59  4:51  Engineering Bay  
  59  4:54  SCV x3  
  62  5:02  Marine  
  62  5:07  SCV x3  
  64  5:19  SCV x3  
  64  5:20  Marine  
  60  5:22  Terran Infantry Armor Level 1, Refinery x2, Terran Infantry Weapons Level 1  
  60  5:23  Marine  
  60  5:24  Marine  
  62  5:31  SCV x2, Starport Reactor, Barracks  
  62  5:33  Barracks  
  64  5:36  Marine  
  64  5:38  Marine  
  64  5:41  Orbital Command  
  64  5:42  Supply Depot  
  69  5:44  Marine x2  
  69  5:45  Marine  
  69  5:48  Supply Depot  
  69  5:51  SCV x2, Siege Tank  
  74  6:00  Supply Depot  
  74  6:01  Supply Depot  
  74  6:03  SCV x2  
  76  6:04  Combat Shield  
  76  6:05  Marine x4  
  80  6:11  Medivac x2  
  80  6:16  SCV x2  
  80  6:17  SCV  
  87  6:19  Barracks Reactor  
  87  6:20  Barracks Reactor  
  87  6:23  Missile Turret, Supply Depot  
  87  6:28  Marine x4  
  88  6:33  SCV x3, Siege Tank  
  88  6:36  Missile Turret  
  94  6:41  Supply Depot  
  94  6:44  Armory  
  94  6:46  Marine x3  
  96  6:47  Marine x2  
  96  6:50  Supply Depot  
  96  6:54  SCV x3  
  101  6:56  Refinery x2, Medivac x2  
  101  6:57  Marine  
  101  6:58  Marine  
  101  7:00  Marine x2  
  110  7:06  Marine, Supply Depot  
  110  7:07  Marine x4  
  115  7:10  Siege Tank  
  115  7:12  SCV x2  
  115  7:13  SCV  
  121  7:23  Marine  
  121  7:27  Marine  
  119  7:36  Marine x7  
  123  7:41  Marine  
  125  7:45  Siege Tank, Marine, Medivac x2  
  130  7:52  Factory  
  130  7:54  SCV x3, Marine x7  
  128  7:59  Marine  
  128  8:03  Marine  
  130  8:11  Missile Turret, Supply Depot  
  130  8:12  SCV x2, Marine x5  
  135  8:13  SCV  
  135  8:17  Supply Depot  
  135  8:18  Marine x3  
  136  8:21  Marine, Supply Depot  
  137  8:29  Marine  
  137  8:30  Marine  
  137  8:33  Supply Depot  
  145  8:34  Marine x3  
  145  8:36  Marine  
  145  8:41  Marine x3  
  142  8:47  Marine  
  142  8:48  Marine  
  130  8:52  Marine x3  
  130  8:53  Marine, Thor  
  116  8:57  Factory Reactor  
  116  8:59  Marine x2  
  100  9:05  Marine x3  
  87  9:10  Marine x2  
  87  9:11  Marine  
  87  9:17  Marine x2  
  84  9:20  Medivac x2  
  84  9:23  Marine x3  
  76  9:28  Marine x2, Orbital Command  
  76  9:29  Marine  
  78  9:34  Marine x2  
  73  9:39  Widow Mine  
  73  9:41  Marine x2  
  68  9:45  Marine x2  
  68  9:47  Marine  
  68  9:52  Marine x2  
  67  9:58  SCV x2  
  67  9:59  Marine  
  70  10:03  Marine  
  70  10:05  Marine  
  70  10:06  Widow Mine x2  
  71  10:10  SCV  
  71  10:13  Barracks  
  67  10:16  Barracks  
  67  10:17  SCV  
  67  10:20  Widow Mine  
  70  10:22  Viking  
  70  10:23  SCV  
  70  10:27  Widow Mine  
  70  10:29  SCV  
  61  10:38  Barracks  
  61  10:40  Barracks  
  61  10:42  SCV  
  61  10:44  Widow Mine  
  65  10:56  Supply Depot  
  61  11:06  Marine  
  63  11:24  Marine  
Tags
 
Add a new tag
Caveats
  • Supply blocks, unpowered buildings, or Contaminate may cause inaccurate times.
  • Supply counts are checked every 10 seconds.